AAA
BAKERSFIELD CANNONS @ TRENTON LIBERTY
05/23/2060
 
TOP OF THE 1ST
Bakersfield Cannons batting - Pitching for Trenton Liberty : RHP Marcus Speight
Pitching: RHP Marcus Speight
Batting: RHB Zack Simmons 0-0: Called Strike
0-1: Foul Ball, location: 2F
0-2: Foul Ball, location: 2F
0-2: Ball
1-2: SINGLE (Line Drive, 34, EV 94.4 MPH)
Batting: RHB Kaileb Romero 0-0: Ball
Zack Simmons steals 2nd, throwing error, E2
Zack Simmons to third
1-0: Called Strike
1-1: Ground out 4-3 (Groundball, 4, EV 100.6 MPH)
Zack Simmons scores
Batting: RHB Adan Natoli 0-0: Ball
1-0: Ball
2-0: Called Strike
2-1: Ball
3-1: Foul Ball, location: 2F
3-2: Foul Ball, location: 2F
3-2: Strikes out swinging
Batting: LHB Melchior Werth 0-0: Called Strike
0-1: Foul Ball, location: 2F
0-2: Strikes out swinging
Top of the 1st over - 1 run, 1 hit, 1 error, 0 left on base; Bakersfield 1 - Trenton 0
BOTTOM OF THE 1ST
Trenton Liberty batting - Pitching for Bakersfield Cannons : RHP Tucker Scoggins
Pitching: RHP Tucker Scoggins
Batting: RHB Walter Muller 0-0: Called Strike
0-1: Foul Ball, location: 2F
0-2: Fly out, F7 (Line Drive, 7, EV 90.6 MPH)
Batting: RHB Brooks Neuman 0-0: Called Strike
0-1: Ball
1-1: Ground out 4-3 (Groundball, 4M, EV 108.8 MPH)
Batting: LHB Marc Kreischer 0-0: Called Strike
0-1: Ball
1-1: Called Strike
1-2: Fly out, F4 (Popup, 4M, EV 65.0 MPH)
Bottom of the 1st over - 0 runs, 0 hits, 0 errors, 0 left on base; Bakersfield 1 - Trenton 0
TOP OF THE 2ND
Bakersfield Cannons batting - Pitching for Trenton Liberty : RHP Marcus Speight
Batting: RHB Turk Dorey 0-0: SOLO HOME RUN (Flyball, 7LD, EV 96.9 MPH), Distance : 338 ft
Batting: RHB Jake Christensen 0-0: Ball
1-0: Foul Ball, location: 2F
1-1: SINGLE (Groundball, 4S, EV 69.4 MPH) (infield hit)
Pitching: RHP Holden Ritchey
Batting: RHB Langdon Bushey 0-0: Ball
1-0: Ball
2-0: Called Strike
2-1: Ball
3-1: Grounds into double play, 6-4-3 (Groundball, 6, EV 90.0 MPH)
Batting: LHB Joey Manning 0-0: Ball
1-0: SINGLE (Groundball, 4D, EV 108.8 MPH)
Batting: RHB Nelson Dimas 0-0: Ball
Wild Pitch!
Joey Manning to second
1-0: Ground out 6-3 (Groundball, 6, EV 76.9 MPH)
Top of the 2nd over - 1 run, 3 hits, 0 errors, 1 left on base; Bakersfield 2 - Trenton 0
BOTTOM OF THE 2ND
Trenton Liberty batting - Pitching for Bakersfield Cannons : RHP Tucker Scoggins
Batting: LHB Troy Glenn 0-0: Foul Ball, location: 2F
0-1: DOUBLE (Line Drive, 78D, EV 108.1 MPH)
Batting: RHB Willy Ellison 0-0: Ball
1-0: Called Strike
1-1: Foul Ball, location: 2F
1-2: Ball
2-2: SINGLE (Groundball, 56D, EV 102.5 MPH)
Troy Glenn to third
Runner from 3rd tries for Home, SAFE, throw by LF to home
Batting: LHB Rob Weeks 0-0: Ball
1-0: Called Strike
1-1: Fly out, F8 (Flyball, 8LD, EV 100.0 MPH)
Batting: RHB Art Swor 0-0: Foul Ball, location: 2F
0-1: Foul Ball, location: 2F
0-2: Ball
1-2: Fly out, F8 (Flyball, 8LD, EV 83.8 MPH)
Batting: RHB Brenden Wendt 0-0: Ball
1-0: Ball
2-0: DOUBLE (Line Drive, 89D, EV 109.4 MPH)
Willy Ellison to third
Runner from 3rd tries for Home, SAFE, throw by CF to trailing runner, OUT at third! 8-3-5
Bottom of the 2nd over - 2 runs, 3 hits, 0 errors, 0 left on base; Bakersfield 2 - Trenton 2
TOP OF THE 3RD
Bakersfield Cannons batting - Pitching for Trenton Liberty : RHP Holden Ritchey
Batting: RHB Zack Simmons 0-0: Ball
1-0: SOLO HOME RUN (Flyball, 78XD, EV 113.8 MPH), Distance : 419 ft
Batting: RHB Kaileb Romero 0-0: Called Strike
0-1: Swinging Strike
0-2: Foul Ball, location: 2F
0-2: Ball
1-2: Ball
2-2: Ground out 1-3 (Groundball, 15, EV 74.4 MPH)
Batting: RHB Adan Natoli 0-0: Foul Ball, location: 2F
0-1: Ball
1-1: Swinging Strike
1-2: SOLO HOME RUN (Flyball, 7D, EV 98.8 MPH), Distance : 381 ft
Pitching: RHP Si Prescott
Batting: LHB Melchior Werth 0-0: Foul Ball, location: 2F
0-1: Ball
1-1: SINGLE (Groundball, 4D, EV 95.0 MPH)
Batting: RHB Turk Dorey 0-0: Ball
1-0: Foul Ball, location: 2F
1-1: DOUBLE (Flyball, 8LXD, EV 97.5 MPH)
Melchior Werth to third
Batting: RHB Jake Christensen 0-0: Ball
1-0: Ground out 5-3 (Groundball, 56D, EV 86.2 MPH)
Melchior Werth scores
Batting: RHB Langdon Bushey 0-0: Fly out, F7 (Flyball, 78M, EV 90.6 MPH)
Top of the 3rd over - 3 runs, 4 hits, 0 errors, 1 left on base; Bakersfield 5 - Trenton 2
BOTTOM OF THE 3RD
Trenton Liberty batting - Pitching for Bakersfield Cannons : RHP Tucker Scoggins
Batting: RHB Greg Gardiner 0-0: Ball
1-0: Ball
2-0: Called Strike
2-1: Ball
3-1: Foul Ball, location: 2F
3-2: Foul Ball, location: 2F
3-2: Base on Balls
Batting: RHB Walter Muller 0-0: Called Strike
0-1: Foul Ball, location: 2F
0-2: Foul Ball, location: 2F
0-2: Ball
1-2: Foul Ball, location: 2F
1-2: Strikes out swinging
Batting: RHB Brooks Neuman 0-0: Ball
1-0: Foul Ball, location: 2F
1-1: Ball
2-1: Ball
3-1: Foul Ball, location: 2F
3-2: Base on Balls
Greg Gardiner to second
Batting: LHB Marc Kreischer 0-0: Called Strike
0-1: Called Strike
0-2: Ball
1-2: Strikes out swinging
Batting: LHB Troy Glenn 0-0: Ball
1-0: SINGLE (Line Drive, 7S, EV 102.5 MPH)
Greg Gardiner to third
Brooks Neuman to second
Batting: RHB Willy Ellison 0-0: Ball
1-0: Fly out, F9 (Flyball, 89S, EV 86.2 MPH)
Bottom of the 3rd over - 0 runs, 1 hit, 0 errors, 3 left on base; Bakersfield 5 - Trenton 2
TOP OF THE 4TH
Bakersfield Cannons batting - Pitching for Trenton Liberty : RHP Si Prescott
Batting: LHB Joey Manning 0-0: Foul Ball, location: 2F
0-1: Ball
1-1: Foul Ball, location: 2F
1-2: Fly out, F7 (Line Drive, 7, EV 90.0 MPH)
Batting: RHB Nelson Dimas 0-0: Called Strike
0-1: Fly out, F4 (Line Drive, 4, EV 66.9 MPH)
Batting: RHB Zack Simmons 0-0: Fly out, F8 (Line Drive, 78M, EV 95.0 MPH)
Top of the 4th over - 0 runs, 0 hits, 0 errors, 0 left on base; Bakersfield 5 - Trenton 2
BOTTOM OF THE 4TH
Trenton Liberty batting - Pitching for Bakersfield Cannons : RHP Tucker Scoggins
Batting: LHB Rob Weeks 0-0: Swinging Strike
0-1: Ball
1-1: Called Strike
1-2: Foul Ball, location: 2F
1-2: Ball
2-2: Ground out 4-3 (Groundball, 34D, EV 103.1 MPH)
Batting: RHB Art Swor 0-0: Ball
1-0: Ball
2-0: Ball
3-0: Called Strike
3-1: Fly out, F9 (Flyball, 9S, EV 70.0 MPH)
Batting: RHB Brenden Wendt 0-0: Ground out U3 (Groundball, 34S, EV 76.9 MPH)
Bottom of the 4th over - 0 runs, 0 hits, 0 errors, 0 left on base; Bakersfield 5 - Trenton 2
TOP OF THE 5TH
Bakersfield Cannons batting - Pitching for Trenton Liberty : RHP Si Prescott
Batting: RHB Kaileb Romero 0-0: Ball
1-0: Swinging Strike
1-1: Foul Ball, location: 2F
1-2: SINGLE (Flyball, 8RS, EV 93.1 MPH)
Pitching: LHP James Murray
Batting: RHB Adan Natoli 0-0: Ball
1-0: Ball
2-0: Ball
3-0: Called Strike
3-1: Foul Ball, location: 2F
3-2: Base on Balls
Kaileb Romero to second
Batting: LHB Melchior Werth 0-0: Ball
1-0: Foul Ball, location: 2F
1-1: Fly out, F3 (Line Drive, 34, EV 73.8 MPH)
Lined into DP, U3 (Line Drive, 34, EV 68.1 MPH)
Batting: RHB Turk Dorey 0-0: Called Strike
0-1: Ball
1-1: Fly out, F9 (Flyball, 89M, EV 88.8 MPH)
Top of the 5th over - 0 runs, 1 hit, 0 errors, 1 left on base; Bakersfield 5 - Trenton 2
BOTTOM OF THE 5TH
Trenton Liberty batting - Pitching for Bakersfield Cannons : RHP Tucker Scoggins
Batting: RHB Greg Gardiner 0-0: Ball
1-0: Swinging Strike
1-1: Ball
2-1: Foul Ball, location: 2F
2-2: Ground out 5-3 (Groundball, 56, EV 96.9 MPH)
Batting: RHB Walter Muller 0-0: Ball
1-0: Ball
2-0: Swinging Strike
2-1: Fly out, F8 (Flyball, 89XD, EV 103.1 MPH)
Batting: RHB Brooks Neuman 0-0: SINGLE (Line Drive, 6D, EV 98.1 MPH)
Batting: LHB Marc Kreischer 0-0: Fly out, F2 (Popup, 23F, EV 91.9 MPH)
Bottom of the 5th over - 0 runs, 1 hit, 0 errors, 1 left on base; Bakersfield 5 - Trenton 2
TOP OF THE 6TH
Bakersfield Cannons batting - Pitching for Trenton Liberty : LHP James Murray
Batting: RHB Jake Christensen 0-0: Ball
1-0: Ball
2-0: Ball
3-0: Base on Balls
Batting: RHB Langdon Bushey 0-0: Ball
1-0: Sac Bunt to 5S - play at first, batter safe!
Jake Christensen to second
Pitching: RHP Devin Perlin
Batting: LHB Joey Manning 0-0: Sac Bunt to 13 - play at first, batter OUT! 1-3
Jake Christensen to third
Langdon Bushey to second
Batting: RHB Nelson Dimas 0-0: Ball
1-0: Foul Ball, location: 2F
1-1: Ground out 3-1 (Groundball, 34S, EV 82.5 MPH)
Jake Christensen scores
Langdon Bushey to third
Batting: RHB Zack Simmons 0-0: Called Strike
0-1: DOUBLE (Flyball, 8LXD, EV 105.0 MPH)
Langdon Bushey scores
Batting: RHB Kaileb Romero 0-0: Called Strike
0-1: Fly out, F7 (Line Drive, 78M, EV 98.1 MPH)
Top of the 6th over - 2 runs, 2 hits, 0 errors, 1 left on base; Bakersfield 7 - Trenton 2
BOTTOM OF THE 6TH
Trenton Liberty batting - Pitching for Bakersfield Cannons : RHP Tucker Scoggins
Batting: LHB Troy Glenn 0-0: Called Strike
0-1: Foul Ball, location: 2F
0-2: Ground out 4-3 (Groundball, 34, EV 99.4 MPH)
Pitching: RHP Henry Aiken
Batting: RHB Willy Ellison 0-0: Ball
1-0: Ball
2-0: Ball
3-0: Called Strike
3-1: Called Strike
3-2: SINGLE (Flyball, 8RS, EV 97.5 MPH)
Batting: LHB Rob Weeks 0-0: Swinging Strike
0-1: Ball
1-1: Foul Ball, location: 2F
1-2: Foul Ball, location: 2F
1-2: Fly out, F8 (Flyball, 89S, EV 96.9 MPH)
Batting: RHB Art Swor 0-0: Called Strike
0-1: Foul Ball, location: 2F
0-2: Ball
1-2: Strikes out looking
Bottom of the 6th over - 0 runs, 1 hit, 0 errors, 1 left on base; Bakersfield 7 - Trenton 2
TOP OF THE 7TH
Bakersfield Cannons batting - Pitching for Trenton Liberty : RHP Devin Perlin
Batting: RHB Adan Natoli 0-0: Ball
1-0: Called Strike
1-1: Swinging Strike
1-2: Foul Ball, location: 2F
1-2: DOUBLE (Line Drive, 9LM, EV 113.8 MPH)
Batting: LHB Melchior Werth 0-0: Called Strike
0-1: Swinging Strike
0-2: Ball
1-2: Foul Ball, location: 2F
1-2: DOUBLE (Flyball, 7LD, EV 110.0 MPH)
Adan Natoli scores
Batting: RHB Turk Dorey 0-0: Ball
1-0: SINGLE (Flyball, 3D, EV 98.8 MPH)
Melchior Werth to third
Batting: RHB Jake Christensen 0-0: Ball
1-0: Called Strike
1-1: Ball
2-1: Ball
3-1: Called Strike
3-2: SINGLE (Popup, 34D, EV 59.4 MPH)
Melchior Werth scores
Turk Dorey to second
Batting: RHB Langdon Bushey 0-0: SINGLE (Groundball, 6MD, EV 100.6 MPH)
Turk Dorey to third
Jake Christensen to second
Runner from 3rd tries for Home, SAFE, throw by CF to home
Batting: LHB Joey Manning 0-0: Foul Ball, location: 2F
0-1: Ball
1-1: DOUBLE (Flyball, 78XD, EV 95.0 MPH)
Jake Christensen scores
Langdon Bushey to third
Batting: RHB Nelson Dimas 0-0: Called Strike
0-1: Ground out 5-3 (Groundball, 5, EV 108.8 MPH)
Batting: RHB Zack Simmons 0-0: Ball
1-0: Swinging Strike
1-1: Swinging Strike
1-2: Foul Ball, location: 2F
1-2: 3-RUN HOME RUN (Flyball, 7D, EV 93.8 MPH), Distance : 370 ft
Pitching: LHP Rodell Davis
Batting: RHB Kaileb Romero 0-0: Ball
1-0: Foul Ball, location: 2F
1-1: Ball
2-1: Called Strike
2-2: SINGLE (Groundball, 56D, EV 98.1 MPH)
Batting: RHB Adan Natoli 0-0: Called Strike
0-1: Swinging Strike
0-2: Strikes out swinging
Pinch Hitting: RHB Marcus McGraw 0-0: Ball
Wild Pitch!
Kaileb Romero to second
1-0: Ball
2-0: SINGLE (Line Drive, 3D, EV 95.6 MPH)
Kaileb Romero to third
Runner from 3rd tries for Home, SAFE, throw by RF to home
Marcus McGraw to second
Pinch Hitting: RHB Elroy Saenz 0-0: Ball
1-0: Ball
2-0: Called Strike
2-1: Foul Ball, location: 2F
2-2: Ball
3-2: Base on Balls
Batting: RHB Jake Christensen 0-0: Ball
1-0: Called Strike
1-1: Ball
2-1: Called Strike
2-2: Foul Ball, location: 2F
2-2: 3-RUN HOME RUN (Flyball, 78XD, EV 105.6 MPH), Distance : 400 ft
Pitching: RHP Steven Giblin
Batting: RHB Langdon Bushey 0-0: Ball
1-0: Foul Ball, location: 2F
1-1: Called Strike
1-2: Ball
2-2: Ball
3-2: Base on Balls
Batting: LHB Joey Manning 0-0: Called Strike
0-1: Swinging Strike
0-2: DOUBLE (Line Drive, 78D, EV 105.6 MPH)
Langdon Bushey to third
Batting: RHB Nelson Dimas 0-0: Ball
1-0: Ball
2-0: SINGLE (Line Drive, 89S, EV 104.4 MPH)
Langdon Bushey scores
Joey Manning to third
Batting: RHB Zack Simmons 0-0: Ball
1-0: Called Strike
Balk!
Joey Manning scores
Nelson Dimas to second
1-1: Ball
2-1: Ball
3-1: Base on Balls
Batting: RHB Kaileb Romero 0-0: Ball
1-0: Fly out, F8 (Flyball, 8LD, EV 91.9 MPH)
Top of the 7th over - 13 runs, 12 hits, 0 errors, 2 left on base; Bakersfield 20 - Trenton 2
BOTTOM OF THE 7TH
Trenton Liberty batting - Pitching for Bakersfield Cannons : RHP Henry Aiken
Now in LF: Elroy Saenz
Now in RF: Marcus McGraw
Batting: RHB Brenden Wendt 0-0: Ball
1-0: Ground out 6-3 (Groundball, 6, EV 88.8 MPH)
Batting: RHB Greg Gardiner 0-0: Fly out, F2 (Popup, 2RF, EV 91.9 MPH)
Batting: RHB Walter Muller 0-0: Fly out, F7 (Flyball, 78S, EV 95.0 MPH)
Bottom of the 7th over - 0 runs, 0 hits, 0 errors, 0 left on base; Bakersfield 20 - Trenton 2
TOP OF THE 8TH
Bakersfield Cannons batting - Pitching for Trenton Liberty : RHP Steven Giblin
Batting: RHB Adan Natoli 0-0: Ball
1-0: Ball
2-0: Ball
3-0: Called Strike
3-1: Base on Balls
Batting: RHB Marcus McGraw 0-0: Called Strike
0-1: Ball
1-1: Ball
2-1: Ball
Balk!
Adan Natoli to second
3-1: Foul Ball, location: 2F
3-2: Foul Ball, location: 2F
3-2: Base on Balls
Batting: RHB Elroy Saenz 0-0: Called Strike
0-1: Ball
1-1: Swinging Strike
1-2: Foul Ball, location: 2F
1-2: Ball
Wild Pitch!
Adan Natoli to third
Marcus McGraw to second
2-2: Ball
3-2: SINGLE (Line Drive, 7LS, EV 102.5 MPH)
Adan Natoli scores
Marcus McGraw to third
Batting: RHB Jake Christensen Balk!
Marcus McGraw scores
Elroy Saenz to second
Pitching: RHP Robert Kishi 0-0: Called Strike
0-1: Ball
1-1: Ball
2-1: Ball
Wild Pitch!
Elroy Saenz to third
3-1: Base on Balls
Batting: RHB Langdon Bushey 0-0: Ball
1-0: Fly out, F8 (Flyball, 8RM, EV 88.8 MPH)
Runner from 3rd tags up, SCORES, no throw by CF
Batting: LHB Joey Manning 0-0: Ball
1-0: Ball
2-0: Ball
3-0: Called Strike
3-1: DOUBLE (Line Drive, 78D, EV 101.2 MPH)
Jake Christensen to third
Batting: RHB Nelson Dimas 0-0: Foul Ball, location: 2F
0-1: Foul Ball, location: 2F
0-2: Hit by Pitch
Batting: RHB Zack Simmons 0-0: Ball
1-0: Called Strike
1-1: Grounds into double play, 5-4-3 (Groundball, 56S, EV 87.5 MPH)
Top of the 8th over - 3 runs, 2 hits, 0 errors, 2 left on base; Bakersfield 23 - Trenton 2
BOTTOM OF THE 8TH
Trenton Liberty batting - Pitching for Bakersfield Cannons : RHP Henry Aiken
Batting: RHB Brooks Neuman 0-0: Ball
1-0: Called Strike
1-1: Foul Ball, location: 2F
1-2: Strikes out looking
Batting: LHB Marc Kreischer 0-0: Swinging Strike
0-1: Ball
1-1: Ball
2-1: Ball
3-1: Foul Ball, location: 2F
3-2: Foul Ball, location: 2F
3-2: Base on Balls
Pitching: LHP Maxwell Cullen
Batting: LHB Troy Glenn 0-0: Called Strike
0-1: Foul Ball, location: 2F
0-2: Foul Ball, location: 2F
0-2: Strikes out swinging
Batting: RHB Willy Ellison 0-0: Ground out 6-3 (Groundball, 6S, EV 85.0 MPH)
Bottom of the 8th over - 0 runs, 0 hits, 0 errors, 1 left on base; Bakersfield 23 - Trenton 2
TOP OF THE 9TH
Bakersfield Cannons batting - Pitching for Trenton Liberty : RHP Robert Kishi
Batting: RHB Kaileb Romero 0-0: DOUBLE (Line Drive, 9LD, EV 105.6 MPH)
Batting: RHB Adan Natoli 0-0: Ball
1-0: Foul Ball, location: 2F
1-1: Foul Ball, location: 2F
1-2: Ground out 6-3 (Groundball, 6, EV 98.1 MPH)
Batting: RHB Marcus McGraw 0-0: Ball
1-0: Ball
2-0: Ball
3-0: Base on Balls
Batting: RHB Elroy Saenz 0-0: Fly out, F8 (Line Drive, 8LM, EV 103.1 MPH)
Batting: RHB Jake Christensen 0-0: Called Strike
0-1: Ball
1-1: Called Strike
1-2: Foul Ball, location: 2F
1-2: Ball
2-2: Foul Ball, location: 2F
2-2: Ball
3-2: Ground out 6-3 (Groundball, 6, EV 80.6 MPH)
Top of the 9th over - 0 runs, 1 hit, 0 errors, 2 left on base; Bakersfield 23 - Trenton 2
BOTTOM OF THE 9TH
Trenton Liberty batting - Pitching for Bakersfield Cannons : LHP Maxwell Cullen
Batting: LHB Rob Weeks 0-0: Foul Ball, location: 2F
0-1: Ball
1-1: Swinging Strike
1-2: Ball
2-2: Fly out, F7 (Flyball, 78M, EV 82.5 MPH)
Batting: RHB Art Swor 0-0: Called Strike
0-1: Fly out, F7 (Flyball, 7D, EV 89.4 MPH)
Batting: RHB Brenden Wendt 0-0: Ball
1-0: Ball
2-0: Ball
3-0: Base on Balls
Batting: RHB Greg Gardiner 0-0: Ball
1-0: Ball
2-0: Foul Ball, location: 3F, Error on foul ball, E3
2-1: Ground out 4-3 (Groundball, 34D, EV 100.6 MPH)
Bottom of the 9th over - 0 runs, 0 hits, 1 error, 1 left on base; Bakersfield 23 - Trenton 2
Wednesday, May 1st , 2024 - OOTP Baseball 23.10 Build 110